 Dungeon Crawl Stone Soup version 0.29.0 (webtiles) character file.

Game seed: 6864816391812146291

9947 Dorkslayer the Cleaver (level 11, -2/99 HPs)
             Began as a Hill Orc Fighter on Sept 10, 2022.
             Was an Initiate of Gozag.
             Succumbed to a black mamba's poison
             ... on level 1 of the Lair of Beasts.
             The game lasted 00:35:17 (14461 turns).

Dorkslayer the Cleaver (Hill Orc Fighter)          Turns: 14461, Time: 00:35:18

Health: -2/99      AC: 16    Str: 22    XL:     11   Next: 54%
Magic:  11/11      EV:  6    Int:  8    God:    Gozag
Gold:   621        SH:  9    Dex: 12    Spells: 10/10 levels left

rFire   + . .      SeeInvis +   D - +2 scimitar (flame)
rCold   . . .      Faith    .   l - +0 kite shield
rNeg    . . .      Spirit   .   c - +0 plate armour
rPois   .          Reflect  .   (no helmet)
rElec   .          Harm     .   B - +0 cloak {rCorr}
rCorr   +          Rampage  .   C - +0 pair of gloves
Will    .....                   (no boots)
Stlth   ..........              (no amulet)
HPRegen 0.26/turn               t - ring of see invisible
MPRegen 0.12/turn               i - ring of protection from fire

@: lethally poisoned (-2 -> -12)
A: no striking features
a: Renounce Religion, Potion Petition, Call Merchant, Bribe Branch


You were on level 1 of the Lair of Beasts.
You worshipped Gozag.
Gozag was pleased with you.
You visited 3 branches of the dungeon, and saw 12 of its levels.
You also visited: Ossuary.

You collected 885 gold pieces.
You paid 264 gold pieces to Gozag.

Inventory:

Hand Weapons
 a - a +0 war axe of venom
 m - a +0 war axe of electrocution
 D - a +2 scimitar of flaming (weapon)
Missiles
 d - a curare-tipped dart
 h - 2 silver javelins
 n - 41 poisoned darts (quivered)
 q - 8 boomerangs
Armour
 c - a +0 plate armour (worn)
 l - a +0 kite shield (worn)
 B - a +0 cloak of preservation (worn)
 C - a +0 pair of gloves (worn)
Jewellery
 i - a ring of protection from fire (right hand)
 t - a ring of see invisible (left hand)
 y - a ring of positive energy
Scrolls
 g - 10 scrolls of teleportation
 j - 2 scrolls of poison
 k - 3 scrolls of blinking
 o - 2 scrolls of magic mapping
 r - 2 scrolls of amnesia
 s - a scroll of silence
 x - a scroll of summoning
 A - a scroll of immolation
 E - 2 scrolls of identify
Potions
 f - 6 potions of cancellation
 p - 4 potions of flight
 w - a potion of attraction


   Skills:
 * Level 10.1 Fighting
 * Level 6.8 Long Blades
 - Level 10.8 Axes
 + Level 0.3 Throwing
 * Level 8.6 Armour
 + Level 4.4 Dodging
 + Level 0.9 Stealth
 + Level 6.1 Shields
 * Level 6.7 Evocations


You had 10 spell levels left.
You didn't know any spells.
Your spell library contained the following spells:

 Spells                   Type           Power      Damage    Failure   Level
 Foxfire                  Conj/Fire      0%         2x1d4     100%        1
 Conjure Flame            Conj/Fire      0%         6-21      100%        3
 Inner Flame              Hex/Fire       0%         N/A       100%        3
 Anguish                  Hex/Necr       0%         N/A       100%        4
 Flame Wave               Conj/Fire      0%         2d4       100%        4
 Enfeeble                 Hex            0%         N/A       100%        7


Dungeon Overview and Level Annotations

Branches:
Dungeon (10/15)            Temple (1/1) D:7            Lair (1/5) D:10
Ossuary (visited)
    Orc: D:9-12

Altars:
Ashenzari
Cheibriados
Dithmenos
Elyvilon
Fedhas
Gozag
Hepliaklqana
Kikubaaqudgha
Makhleb
Nemelex Xobeh
Okawaru
Qazlal
Ru
Sif Muna
Trog
Uskayaw
Vehumet
Wu Jian
Xom
Yredelemnul
Zin
The Shining One

Shops:
D:4 *

Annotations:
D:9 2 transporters, Caerwyn's ghost, novice TrFi


Message History

The black mamba bites you but does no damage.
You block the black mamba's attack.
You slash the black mamba! You burn the black mamba.
The black mamba is almost dead.
You feel very sick. The black mamba bites you.
* * * LOW HITPOINT WARNING * * *
You are lethally poisoned!
The black mamba poisons you! You block the black mamba's attack.
You closely miss the black mamba.
The black mamba is almost dead.
* * * LOW HITPOINT WARNING * * *
You feel extremely sick. The black mamba bites you.
* * * LOW HITPOINT WARNING * * *
The black mamba bites you but does no damage.
You block the black mamba's attack.
You closely miss the black mamba.
The black mamba is almost dead.
* * * LOW HITPOINT WARNING * * *
You feel extremely sick. You block the black mamba's attack.
The black mamba bites you but does no damage.
Unknown command.
You miss the black mamba.
The black mamba is almost dead.
* * * LOW HITPOINT WARNING * * *
You feel very sick. You block the black mamba's attack. x2
Unknown command.
You hit the black mamba but do no damage.
The black mamba is almost dead.
* * * LOW HITPOINT WARNING * * *
You feel very sick. You block the black mamba's attack. x2
Unknown command.
You barely miss the black mamba.
The black mamba is almost dead.
You die...
Your body crumbles into a pile of gold.

#####
#.PP.#####
.........##
.......@..#
##.###.##S##
.........l.#
.......<#.##
..........#
.....(....#
..........#
........P..#
#.#.#..##.##


You could see a komodo dragon and a black mamba.

Vanquished Creatures
  Erica (D:8)
  3 two-headed ogres
  Pikel (D:6)
  Psyche (D:10)
  A kobold demonologist (D:3)
  A komodo dragon (D:10)
  A troll (D:9)
  A shadow (D:10)
  12 yaks (D:9)
  A steam dragon (D:8)
  3 acid dragons
  An orc warrior (D:9)
  An ice beast (D:7)
  A sky beast (D:8)
  3 black bears (D:5)
  4 kobold brigands
  4 elf zombies (Ossuary)
  5 scorpions
  6 bullfrogs
  A necrophage (D:5)
  3 wights (D:9)
  5 howler monkeys
  4 hounds
  A human zombie (Ossuary)
  Crazy Yiuf (D:6)
  13 orc priests
  An iron imp (D:6)
  5 jellies
  5 iguanas
  14 orc wizards
  2 mummies (Ossuary)
  4 gnolls
  6 adders
  3 shadow imps
  A white imp (D:6)
  An ufetubus (D:6)
  3 adder zombies (Ossuary)
  A worm (D:4)
  4 dart slugs
  47 orcs
  7 endoplasms
  6 giant cockroaches
  6 goblins
  5 hobgoblins
  19 jackals
  19 kobolds
  8 quokkas
  3 ball pythons
  4 bats (D:1)
  2 frilled lizards
  A goblin zombie (Ossuary)
  11 hobgoblin zombies (Ossuary)
  A jackal zombie (Ossuary)
  5 kobold zombies (Ossuary)
  10 orc zombies (Ossuary)
  2 rats
  3 rat zombies
288 creatures vanquished.

Vanquished Creatures (collateral kills)
  A gnoll sergeant (D:9)
  3 gnolls
4 creatures vanquished.

Vanquished Creatures (others)
  An orc wizard (D:8)
  An orc (D:8)
  5 fungi (D:6)
  12 plants
19 creatures vanquished.

Grand Total: 311 creatures vanquished

Notes
Turn   | Place    | Note
-------+----------+-------------------------------------------
     0 | D:1      | Dorkslayer the Hill Orc Fighter began the quest for the
                  | Orb.
     0 | D:1      | Reached XP level 1. HP: 19/19 MP: 1/1
    35 | D:1      | Reached XP level 2. HP: 9/27 MP: 2/2
   358 | D:1      | Reached XP level 3. HP: 16/33 MP: 3/3
   686 | D:1      | Reached XP level 4. HP: 27/41 MP: 4/4
  1150 | D:2      | Reached skill level 1 in Dodging
  1524 | D:3      | Found a transporter.
  1608 | D:3      | Found a glowing golden altar of the Shining One.
  1630 | D:3      | Reached XP level 5. HP: 47/47 MP: 5/5
  2215 | D:3      | Found a transporter.
  2216 | D:3      | Noticed a kobold demonologist
  2764 | D:3      | Noticed a ynoxinul
  2769 | D:3      | Noticed a ynoxinul
  2948 | D:3      | Killed a kobold demonologist
  2949 | D:3      | Reached skill level 5 in Fighting
  2949 | D:3      | Reached skill level 5 in Axes
  2949 | D:3      | Reached XP level 6. HP: 32/56 MP: 6/6
  2949 | D:3      | Reached XP level 7. HP: 35/61 MP: 7/7
  3779 | D:4      | Identified the +0 robe "Vydogoula" {Harm Will++ Str-5
                  | Slay+2}
  4007 | D:4      | Found Meliocw's Assorted Antiques.
  4492 | D:5      | Entered Level 5 of the Dungeon
  4509 | D:5      | Reached XP level 8. HP: 40/70 MP: 8/8
  5053 | D:5      | Found a glowing silver altar of Zin.
  5101 | D:5      | Reached skill level 5 in Armour
  6079 | D:6      | Noticed a +0 spear
  6079 | D:6      | Noticed a +0 dagger
  6083 | D:6      | Noticed a +0 short sword
  6083 | D:6      | Noticed a +0 spear
  6083 | D:6      | Noticed a +0 falchion
  6083 | D:6      | Noticed a +0 falchion
  6084 | D:6      | Noticed a +0 short sword
  6084 | D:6      | Noticed a +0 dagger
  6090 | D:6      | Reached skill level 5 in Shields
  6107 | D:6      | Found a hide-covered altar of Uskayaw.
  6426 | D:6      | Reached XP level 9. HP: 56/78 MP: 9/9
  6484 | D:6      | Found a snail-covered altar of Cheibriados.
  6693 | D:6      | Found a hazy altar of Hepliaklqana.
  7005 | D:6      | Noticed Pikel
  7021 | D:6      | Killed Pikel
  7143 | D:6      | Found a runed translucent door.
  7144 | D:6      | Noticed Crazy Yiuf
  7152 | D:6      | Killed Crazy Yiuf
  7370 | D:7      | Found a staircase to the Ecumenical Temple.
  7389 | Temple   | Entered the Ecumenical Temple
  7450 | D:7      | Found a sand-covered staircase.
  7458 | Ossuary  | Entered an ossuary
  8953 | D:7      | Reached skill level 5 in Evocations
  8956 | D:7      | Found a shadowy altar of Dithmenos.
  9164 | D:8      | Reached skill level 10 in Axes
  9167 | D:8      | Reached XP level 10. HP: 65/88 MP: 10/10
  9326 | D:8      | Found an ancient bone altar of Kikubaaqudgha.
 10001 | D:8      | Found a broken altar of Ashenzari.
 10006 | D:8      | Found a shimmering altar of Xom.
 10007 | D:8      | Found an iron altar of Okawaru.
 10009 | D:8      | Found a sacrificial altar of Ru.
 10561 | D:8      | Noticed Erica
 10570 | D:8      | Killed Erica
 10693 | D:8      | Noticed a two-headed ogre
 10701 | D:8      | Killed a two-headed ogre
 10702 | D:8      | Reached skill level 1 in Long Blades
 11000 | D:9      | Found a transporter.
 11000 | D:9      | Found a transporter.
 11004 | D:9      | Noticed a catoblepas
 11007 | D:9      | Noticed Caerwyn's ghost (novice TrFi)
 11015 | D:9      | Noticed a centaur warrior
 11369 | D:9      | Found a basalt altar of Yredelemnul.
 11400 | D:9      | Identified the +5 dagger of Cobwebs {freeze, Dex+2}
 11481 | D:9      | Reached XP level 11. HP: 10/97 MP: 11/11
 12225 | D:9      | Noticed a two-headed ogre
 12244 | D:9      | Killed a two-headed ogre
 12245 | D:9      | Reached skill level 5 in Long Blades
 12515 | D:9      | Found a white marble altar of Elyvilon.
 12935 | D:10     | Entered Level 10 of the Dungeon
 12964 | D:10     | Found an opulent altar of Gozag.
 12972 | D:10     | Became a worshipper of Gozag Ym Sagoz the Greedy
 12979 | D:10     | Noticed Psyche
 12994 | D:10     | Killed Psyche
 13006 | D:10     | Found a staircase to the Lair.
 13011 | D:10     | Reached skill level 10 in Fighting
 13491 | D:10     | Noticed a two-headed ogre
 13519 | D:10     | Killed a two-headed ogre
 13951 | D:10     | Identified the +1 robe of Insatiable Hunger {Rampage}
 13952 | D:10     | Found a burning altar of Makhleb.
 14429 | Lair:1   | Entered Level 1 of the Lair of Beasts
 14460 | Lair:1   | HP: 1/99 [poisoned by a black mamba]
 14461 | Lair:1   | Succumbed to a black mamba's poison

Illustrated notes

Levels and vault maps discovered:
D:1:      spicycebolla_arrival_xxxplode, layout_rooms
D:2:      layout_rooms
D:3:      gammafunk_wand_slinger, layout_basic, tso_metal_star,
          grunt_decor_junction
D:4:      layout_loops_corners, serial_shops, shop
D:5:      layout_basic, zin_academy, minmay_fractal_squares_5
D:6:      layout_loops_ring, slow_altar_2, nicolae_uskayaw_en_pointe,
          mainiacjoe_overflow_surrounded_room, uniq_crazy_yiuf_cottage,
          uniq_pikel
D:7:      layout_loops_ring, kennysheep_mini_moat, minmay_temple_entry_trees,
          enter_ossuary_4
D:8:      layout_loops_corners, general_overflow_altar, minitemple, uniq_erica
D:9:      layout_basic, elyvilon_altar_5, overflow_temple_1_default,
          nzn_ghost_randoct
D:10:     layout_long_grid, mainiacjoe_overflow_paths,
          mainiacjoe_overflow_tiny_flanked, david_lair_shrubbed, uniq_psyche
Temple:   nicolae_temple_little_seven
Lair:1:   layout_regular_city, grunt_megastairs_2

Skill      XL: |  1  2  3  4  5  6  7  8  9 10 11 |
---------------+----------------------------------+-----
Fighting       | 4 5 6 8 9 10 | 10.1
Axes           | 3 4 5 6 8 10 | 10.8
Dodging        | 1 2 3 4 |  4.4
Armour         | 4 5 6 7 8 |  8.6
Shields        | 4 5 6 |  6.1
Evocations     | 2 3 4 5 6 |  6.7
Long Blades    | 4 6 |  6.8
Throwing       | |  0.3
Stealth        | |  0.9

Action                   |  1- 3 |  4- 6 |  7- 9 | 10-12 || total
-------------------------+-------+-------+-------+-------++-------
Melee: War axe           |    90 |   123 |   518 |   117 ||   848
       Scimitar          |       |       |       |   254 ||   254
Throw: Dart              |       |       |       |     2 ||     2
       Javelin           |       |       |       |     4 ||     4
       Boomerang         |       |       |       |     1 ||     1
Evoke: Wand              |       |    21 |     1 |    18 ||    40
  Use: Scroll            |       |     5 |    12 |     4 ||    21
       Potion            |       |       |     9 |     9 ||    18
 Stab: Invisible         |       |       |       |     3 ||     3
Armor: Scale mail        |    39 |    80 |    25 |       ||   144
       Chain mail        |       |       |   240 |   112 ||   352
       Plate armour      |       |       |       |    62 ||    62
Dodge: Dodged            |    54 |    64 |   185 |   144 ||   447
Block: Buckler           |    30 |    33 |   116 |    66 ||   245
       Kite shield       |       |       |       |   106 ||   106
